 Dungeon Crawl Stone Soup version 0.30-a0-42-g806c11bf1d (webtiles) character file.

Game seed: 14076295319310247084

42 fozzywoppz the Chopper (level 3, -2/30 HPs)
             Began as a Minotaur Gladiator on Aug 31, 2022.
             Killed by nerve-wracking pain
             ... invoked by Grinder
              (12 damage)
             ... on level 3 of the Dungeon.
             The game lasted 00:03:12 (1360 turns).

fozzywoppz the Chopper (Minotaur Gladiator)         Turns: 1360, Time: 00:03:13

Health: -2/30      AC:  4    Str: 20    XL:     3   Next: 33%
Magic:  2/2        EV: 12    Int:  5    God:
Gold:   0          SH:  0    Dex: 11    Spells: 2/2 levels left

rFire   + . .      SeeInvis .    a - +0 war axe
rCold   . . .      Faith    .    (no shield)
rNeg    . . .      Spirit   .    h - +1 leather armour {rF+}
rPois   .          Reflect  .    c - +0 hat
rElec   .          Harm     .    (no cloak)
rCorr   +          Rampage  .    (no gloves)
Will    .....                    (no boots)
Stlth   +.........               (no amulet)
HPRegen 0.10/turn                u - ring of resist corrosion
MPRegen 0.08/turn                (no ring)

@: hasted, very quick
A: horns 2, retaliatory headbutt
a: no special abilities


You were on level 3 of the Dungeon.
You visited 1 branch of the dungeon, and saw 3 of its levels.

You collected 130 gold pieces.
You spent 130 gold pieces at shops.

Inventory:

Hand Weapons
 a - a +0 war axe (weapon)
Missiles
 d - a throwing net (quivered)
 e - a javelin
 g - 6 poisoned darts
Armour
 b - a +0 leather armour
 c - a +0 hat (worn)
 h - a +1 leather armour of fire resistance (worn)
 k - a +0 ring mail
Jewellery
 u - a ring of resist corrosion (left hand)
Scrolls
 i - a scroll of vulnerability {unknown}
 j - 2 scrolls of noise
 l - a scroll of amnesia {unknown}
 m - a scroll of immolation {unknown}
 n - a scroll of blinking {unknown}
 o - a scroll of magic mapping {unknown}
 q - a scroll of teleportation {unknown}
Potions
 p - a potion of resistance {unknown}
 t - a potion of mutation {unknown}


   Skills:
 + Level 2.7 Fighting
 + Level 4.1 Axes
 + Level 2.3 Throwing
 - Level 1.0 Armour
 - Level 4.0 Dodging


You had 2 spell levels left.
You didn't know any spells.
Your spell library was empty.

Dungeon Overview and Level Annotations

Branches:
Dungeon (3/15)

Altars:

Shops:
D:2 !

Annotations:
D:3 Grinder


Innate Abilities, Weirdness & Mutations

You have a pair of horns on your head.
You reflexively headbutt those who attack you in melee.


Message History

m - a scroll labelled BIMMUI MUEXE Grinder comes into view.
Grinder shouts!
You aren't carrying any items that you can evoke.
Okay, then.
Okay, then.
Throw: 3 throwing nets
Press: ? - help, Q - select action, (/) - cycle Shift-Dir - straight line, f - Grinder
Aim: Grinder (53% to hit)
You throw a throwing net. The throwing net hits Grinder.
Grinder is caught in the net!
Found a leather armour.
Grinder struggles against the net.
Grinder struggles against the net.
Grinder struggles against the net.
Grinder struggles against the net.
Grinder blinks!
Grinder misses you.
Throw: 2 throwing nets
Press: ? - help, Q - select action, (/) - cycle Shift-Dir - straight line, f/p - Grinder
Aim: Grinder (53% to hit)
You throw a throwing net. The throwing net barely misses Grinder.
Grinder gestures at you. Pain shoots through your body!
You hit Grinder.
Grinder is lightly wounded.
Grinder hits you.
You writhe in agony.
Grinder closely misses you. You furiously retaliate!
You headbutt Grinder! You closely miss Grinder.
Grinder is moderately wounded.
Grinder barely misses you.
You feel yourself speed up. Grinder hits you.
* * * LOW HITPOINT WARNING * * *
You writhe in agony.
* * * LOW HITPOINT WARNING * * *
Unknown command.
You feel better.
You hear the slow rusting of a very distant drain.
Grinder gestures at you. Pain shoots through your body!
You die...

#.# #.## #... ####
###### ### #####
#....#### #... #...#
#........
##....#...######........
.......@................
##....#[5.########......
.........(... #......
############## #######


You could see Grinder.

Vanquished Creatures
  4 ball pythons
  2 endoplasms
  3 giant cockroaches (D:1)
  4 goblins
  5 hobgoblins
  7 jackals (D:1)
  4 kobolds (D:1)
  3 bats
  3 frilled lizards
  3 rats
38 creatures vanquished.

Notes
Turn   | Place    | Note
-------+----------+-------------------------------------------
     0 | D:1      | fozzywoppz the Minotaur Gladiator began the quest for the
                  | Orb.
     0 | D:1      | Reached XP level 1. HP: 18/18 MP: 0/0
   215 | D:1      | Reached XP level 2. HP: 25/25 MP: 1/1
   429 | D:1      | Reached skill level 1 in Armour
   481 | D:1      | Reached XP level 3. HP: 24/30 MP: 2/2
  1089 | D:2      | Found Ylosump's Distillery.
  1097 | D:2      | Bought a potion of haste for 130 gold pieces
  1346 | D:3      | Noticed Grinder
  1360 | D:3      | Killed from afar by Grinder

Illustrated notes

Levels and vault maps discovered:
D:1:      dpeg_arrival_three_same_balls, layout_loops_cross
D:2:      layout_rooms, serial_shops, nicolae_shop_waterfront
D:3:      layout_basic, mainiacjoe_overflow_surrounded_room,
          shapermc_ecumenical_altar_rom_forum, lightli_sewer_entry_pipes,
          uniq_sigmund, uniq_grinder

Skill      XL: |  1  2  3 |
---------------+----------+-----
Armour         | 1 |  1.0
Axes           | 4 |  4.1
Dodging        | 4 |  4.0
Fighting       | |  2.7
Throwing       | |  2.3

Action                   || total
-------------------------++-------
Melee: War axe           ||    63
       Headbutt          ||     2
Throw: Throwing net      ||     2
  Use: Scroll            ||     4
       Potion            ||     2
Armor: Leather armour    ||     9
       Ring mail         ||     4
Dodge: Dodged            ||    47

Table legend: (Time is in decaauts)
 A = Elapsed time spent in this place.
 B = Non-inter-level travel time spent in this place.
 C = Inter-level travel time spent in this place.
 D = Time resting spent in this place.
 E = Time spent auto-exploring this place.
 F = Levels seen in this place.
 G = Mean time per level.
                   A        B        C        D        E       F      G
               +--------+--------+--------+--------+--------+-----+--------+
         Total |   1378 |   1333 |     45 |      0 |    996 |   3 |  459.3 |
       Dungeon |   1378 |   1333 |     45 |      0 |    996 |   3 |  459.3 |
               +--------+--------+--------+--------+--------+-----+--------+

Top non-repeatable levels by time:
     D:1: 896 daAuts
     D:2: 431 daAuts
     D:3: 50 daAuts
